 Dungeon Crawl Stone Soup version 0.23-a0-303-gfcac5de (webtiles) character file.

25 Dissent the Skirmisher (level 2, 0/24 HPs)
             Began as a Mummy Fighter on Oct 8, 2018.
             Slain by a gnoll
             ... wielding a +0 halberd
              (10 damage)
             ... on level 1 of the Dungeon.
             The game lasted 00:01:43 (557 turns).

Dissent the Skirmisher (Mummy Fighter)               Turns: 557, Time: 00:01:44

Health: 0/24       AC:  8    Str: 19    XL:     2   Next: 86%
Magic:  2/2        EV:  7    Int:  7    God:
Gold:   39         SH:  9    Dex: 14    Spells: 1/1 levels left

rFire    x . .     SeeInvis .   a - +0 flail
rCold    + . .     Gourm    .   c - +0 shield
rNeg     + + +     Faith    .   b - +0 scale mail
rPois    ∞         Spirit   .   (no helmet)
rElec    .         Reflect  .   e - +0 cloak
rCorr    .         Harm     .   g - +0 pair of gloves
MR       .....                  (no boots)
Stlth    ..........             (no amulet)
HPRegen  0.08/turn              h - +3 ring of dexterity
MPRegen  0.08/turn              (no ring)

@: no status effects
A: no food or potions, fire vulnerability, cold resistance 1, negative energy
resistance 3, torment resistance, unbreathing
a: no special abilities


You were on level 1 of the Dungeon.
You were not hungry.

You visited 1 branch of the dungeon, and saw 1 of its levels.

You collected 39 gold pieces.

Inventory:

Hand Weapons
 a - a +0 flail (weapon)
Armour
 b - a +0 scale mail (worn)
 c - a +0 shield (worn)
 e - a +0 cloak (worn)
   (You found it on level 1 of the Dungeon)
 g - a +0 pair of gloves (worn)
   (You found it on level 1 of the Dungeon)
Jewellery
 h - a +3 ring of dexterity (left hand)
   (You found it on level 1 of the Dungeon)
Scrolls
 d - a scroll of identify {unknown}
 f - a scroll of blinking {unknown}
 i - a scroll of teleportation {unknown}


   Skills:
 - Level 3.0 Fighting
 + Level 2.8 Maces & Flails
 - Level 2.4 Armour
 - Level 2.4 Shields


You had one spell level left.
You didn't know any spells.
Your spell library was empty.

Dungeon Overview and Level Annotations

Branches:
Dungeon (1/15)

Altars:


Innate Abilities, Weirdness & Mutations

You do not eat or drink.
Your flesh is vulnerable to fire.
You are immune to poison.
Your flesh is cold resistant. (rC+)
You are immune to negative energy. (rN+++)
You are immune to unholy pain and torment.
You can survive without breathing.


Message History

No target in view!
No target in view!
No target in view!
No target in view!
No target in view!
You see here a frilled lizard corpse.
A kobold comes into view.
The kobold shouts!
The kobold throws a stone.
The stone hits you.
You see here a stone.
A kobold is nearby!
A kobold is nearby!
A kobold is nearby!
You block the kobold's attack.
You closely miss the kobold. You block the kobold's attack.
The kobold hits you but does no damage.
You hit the kobold but do no damage. The kobold closely misses you.
Your scale mail prevents you from hitting the kobold.
The kobold hits you but does no damage.
You closely miss the kobold.
The kobold hits you but does no damage. x2
You closely miss the kobold. The kobold hits you but does no damage.
You barely miss the kobold. The kobold hits you but does no damage.
The kobold barely misses you.
You closely miss the kobold. You block the kobold's attack.
You closely miss the kobold. The kobold closely misses you.
You block the kobold's attack.
You closely miss the kobold. You block the kobold's attack.
You hit the kobold.
You kill the kobold!
You start putting on your armour.
You continue putting on your cloak. x4
You finish putting on your +0 cloak.
You start putting on your armour.
You continue putting on your pair of gloves. x4
You finish putting on your +0 pair of gloves.
You feel agile.
h - a +3 ring of dexterity (left hand)
You open the door.
There is an open door here.
You open the door.
There is an open door here.
Found 8 gold pieces.
You now have 39 gold pieces (gained 8).
A gnoll comes into view. It is wielding a halberd.
The gnoll shouts!
The gnoll barely misses you.
You hit the gnoll but do no damage. The gnoll hits you with a halberd!
Ouch! That really hurt!
* * * LOW HITPOINT WARNING * * *
You hit the gnoll but do no damage. The gnoll hits you with a halberd!
You die...

# # # # ##########
#.........
####'########
#######.......#####
#.@g..#.8.8.8.#...#
#.#####.......###.#
#.#...'.8.<.8.'.#.#
#.#.###.......#..†.
#.....#.8.8.8.###.#
###.###.......#....
###.# ####+####....
#...# ##..#.#.##.#
#.### #.....#.##..


You could see a gnoll.

Vanquished Creatures
  A dart slug (D:1)
  3 giant cockroaches (D:1)
  3 goblins (D:1)
  2 hobgoblins (D:1)
  2 kobolds (D:1)
  4 bats (D:1)
  3 frilled lizards (D:1)
  4 rats (D:1)
22 creatures vanquished.

Notes
Turn   | Place    | Note
-------+----------+-------------------------------------------
     0 | D:1      | Dissent the Mummy Fighter began the quest for the Orb.
     0 | D:1      | Reached XP level 1. HP: 18/18 MP: 1/1
   122 | D:1      | Reached XP level 2. HP: 16/24 MP: 2/2
   557 | D:1      | Slain by a gnoll

Vault maps used:
D:1:      doesnt_arrival_eight_statues

Skill      XL: |  1 |
---------------+----+-----
Maces & Flails | 2 |  2.8
Fighting       | |  3.0
Armour         | |  2.4
Shields        | |  2.4

Action                   || total
-------------------------++-------
Melee: Flail             ||    66
Armor: Scale mail        ||    32
Dodge: Dodged            ||    19
Block: Shield            ||    27

Table legend:
 A = Non-vault XP
 B = Vault XP
 C = Vault XP percentage of total XP
 D = Non-vault monster count
 E = Vault monster count
 F = Vault count percentage of total count
                 A         B        C        D         E       F
            +---------+---------+-------+---------+---------+-------
      Total |      37 |       0 |   0.0 |      22 |       0 |   0.0
            +---------+---------+-------+---------+---------+-------
        D:1 |      37 |       0 |   0.0 |      22 |       0 |   0.0
            +---------+---------+-------+---------+---------+-------
